Cogmind - Beta 16 @@@ ROGUE MODE // 2025.12.01 @ 16:19:09 Player: r@sin Result: Destroyed by K9-S6C(R) with Subdweller Shrapnel Launcher Performance ------------- Evolutions (0) 0 Regions Visited (2) 400 Robots Destroyed (4) 20 Value Destroyed (141) 141 Prototype IDs (2) 40 Alien Tech Used (0) 0 Bonus (0) 0 TOTAL SCORE: 601 Bonus ------- None Cogmind --------- Core Integrity 0/250 Matter 300/300 Energy 98/100 System Corruption 0% Temperature Cool (0) Movement Core (50) Location -10/Subcaves Parts ------- > --- POWER (1) -------- (None) > --- PROPULSION (2) --- (None) > --- UTILITY (2) ------ (None) > --- WEAPON (2) ------- (None) > --- INVENTORY (5) ---- Light Ion Engine Aluminum Leg Small Storage Unit Grenade Launcher Scrap Shield Fragment (39) Peak State ------------ > --- POWER ------------ Subdweller Power Source > --- PROPULSION ------- Light Treads Light Treads > --- UTILITY ---------- Heat Sink Medium Storage Unit > --- WEAPON ----------- Medium Laser Assault Rifle > --- INVENTORY -------- Light Ion Engine Light Ion Engine Aluminum Leg Aluminum Leg Small Storage Unit Grenade Launcher Scrap Shield Fragment Scrap Shield Fragment [Rating: 9] Favorites ----------- Power Light Ion Engine Engine Light Ion Engine Propulsion Light Treads Treads Light Treads Utility Medium Storage Unit Device Heat Sink Storage Medium Storage Unit Weapon Medium Laser Energy Gun Medium Laser Ballistic Gun Assault Rifle Build | -11 -10 -10 ------- Run | Yrd Mat Sub Slots Evolved . | . . . Power . | . . . Propulsion . | . . . Utility . | . . . Weapon . | . . . Parts Attached 9 | 5 2 2 Power 2 | . 1 1 Engine 2 | . 1 1 Core . | . . . Reactor . | . . . Propulsion 2 | 2 . . Treads 2 | 2 . . Leg . | . . . Wheel . | . . . Hover . | . . . Flight . | . . . Utility 3 | 1 1 1 Device 1 | . . 1 Storage 2 | 1 1 . Processor . | . . . Hackware . | . . . Protection . | . . . Artifact . | . . . Weapon 2 | 2 . . Energy Gun 1 | 1 . . Energy Cannon . | . . . Ballistic Gun 1 | 1 . . Ballistic Cannon . | . . . Launcher . | . . . Special Weapon . | . . . Impact Weapon . | . . . Slashing Weapon . | . . . Piercing Weapon . | . . . Special Melee Weapon . | . . . Unidentified Prototypes . | . . . Parts Lost 4 | . . 4 Power 1 | . . 1 Propulsion 2 | . . 2 Utility . | . . . Weapon 1 | . . 1 Highest Loss Streak 4 | . . 4 To Critical Strikes . | . . . Average Backups 4 | 2 4 5 Power 1 | 1 1 1 Propulsion 1 | 1 2 2 Utility . | . . 1 Weapon . | . . 1 Tool/Special . | . . . Unused Backups 4 | . . 4 Power 1 | . . 1 Propulsion 2 | . . 2 Utility . | . . . Weapon 1 | . . 1 Tool/Special . | . . . Average Slot Usage (%) 84 | . 85 83 Engine 13 | . 14 12 Treads 26 | . 28 26 Device 3 | . . 4 Storage 14 | . 14 14 Energy Gun 14 | . 14 14 Ballistic Gun 12 | . 14 11 Peak Build Rating 9 | 5 7 9 Average Rating 6 | 3 6 7 On Entrance 3 | . 5 6 Avg Prop Armor Cover (%) 41 | 41 . . Naked Turns 1 | . . 1 Heaviest Build 20 | 9 17 20 Greatest Support 40 | 40 40 40 Greatest Overweight (x) 4 | . . 4 Average Overweight (x) . | . . . Largest Inventory Capacity 10 | 8 10 10 Average Capacity 9 | 5 9 9 Most Carried 9 | 5 5 9 Average Carried 5 | 2 4 7 Final Capacity 10 | 8 10 5 Final Carried 5 | 4 5 5 Class Distribution -------------------- 100% | Mutant Dominant Class ---------------- Mutant | -10/Materials Mutant | -10/Subcaves Resources | -11 -10 -10 ----------- Run | Yrd Mat Sub Matter Collected 341 | 231 . 110 Remotely . | . . . Salvage Created 169 | . 10 159 Parts 12 | . 1 11 Haulers Intercepted . | . . . Recyclers Shooed . | . . . Parts Field Recycled . | . . . Retrieved Matter . | . . . Parts Self-Destructed 3 | . . 3 Prevented . | . . . Parts Restored . | . . . Kills | -11 -10 -10 ------- Run | Yrd Mat Sub Combat Hostiles Destroyed 3 | . . 3 Guns 3 | . . 3 Classes Destroyed 3 | . 1 2 Operator 1 | . 1 . Sentry 1 | . . 1 Subdweller 2 | . . 2 Best Kill Streak 1 | . 1 1 Combat Bots Only 1 | . . 1 Max Kills in Single Turn 1 | . 1 1 Gunslinging . | . . . Exploded . | . . . Melee . | . . . Uniques/NPCs Destroyed . | . . . Combat | -11 -10 -10 -------- Run | Yrd Mat Sub Hostile Shots Fired 45 | . 3 42 Missed 15 | . 2 13 Hits 30 | . 1 29 Projectile 30 | . 1 29 AOE 4 | . . 4 Damage Taken 822 | . 11 811 Core 256 | . . 256 Absorbed by Shields . | . . . Core Remaining (%) 100 | 100 . . Volleys Fired 29 | . 5 24 Largest 2 | . 2 2 Hottest 70 | . 70 70 Shots Fired 49 | . 10 39 Gun 49 | . 10 39 Cannon . | . . . Launcher . | . . . Special . | . . . Kinetic 20 | . 5 15 Thermal 29 | . 5 24 Explosive . | . . . Electromagnetic . | . . . Robot Hit Streak 14 | . 2 14 Robot Miss Streak 4 | . 2 4 Penetration Max . | . . . Secondary Targets . | . . . Shots Hit Robots 26 | . 4 22 Core Hits 8 | . 2 6 Critical Kills . | . . . Critical Parts Destroyed . | . . . Critical Strikes 1 | . . 1 Burn 1 | . . 1 Melee Attacks . | . . . Impact . | . . . Slashing . | . . . Piercing . | . . . Sneak Attacks . | . . . Combat Hostiles . | . . . Follow-up Attacks . | . . . Damage Inflicted 300 | . 49 251 Guns 300 | . 49 251 Cannons . | . . . Explosions . | . . . Melee . | . . . Ramming . | . . . Kinetic 87 | . 12 75 Thermal 213 | . 37 176 Explosive . | . . . Electromagnetic . | . . . Impact . | . . . Slashing . | . . . Piercing . | . . . Highest Corruption . | . . . Average Corruption . | . . . Corruption Purged . | . . . Corruption Blocked . | . . . Overload Shots . | . . . Overflow Damage . | . . . Projectiles . | . . . Explosions . | . . . Melee . | . . . Knockbacks . | . . . Impact . | . . . Kinetic . | . . . Secondary . | . . . Self-Inflicted Damage . | . . . Shots . | . . . Rammed . | . . . Targets Rammed . | . . . Kicked . | . . . Crushed . | . . . Highest Temperature 27 | . 27 . Average Temperature 12 | . 12 . Received Heat Transfer 141 | . 6 135 Siege Activations . | . . . Martial Activations . | . . . Shielding Activations . | . . . Robots Disrupted . | . . . Combat Hostiles . | . . . Robots Corrupted . | . . . Combat Hostiles . | . . . Parts Fried . | . . . Impact Corruptions . | . . . Robots Melted . | . . . Combat Hostiles . | . . . Parts Melted 1 | . . 1 Heat Transferred 703 | . 111 592 Parts Sabotaged . | . . . Parts Stolen . | . . . Parts Stripped . | . . . Power Chain Reactions . | . . . Alert | -11 -10 -10 ------- Run | Yrd Mat Sub Maximum Alert Level . | . . . Low Security (%) 100 | 100 100 . Level 1 . | . . . Level 2 . | . . . Level 3 . | . . . Level 4 . | . . . Level 5 . | . . . High Security . | . . . Max Security . | . . . Peak Influence 5 | . 5 . Initial . | . . . Average . | . 1 . Influence Increases 30 | . 10 20 Destroy 0b10 Robot/C 20 | . . 20 Destroy 0b10 Robot/NC 5 | . 5 . Successful Hack 5 | . 5 . Influence Decreases 30 | . 10 20 Time Decay 30 | . 10 20 Squads Dispatched 2 | . 2 . Investigation . | . . . Extermination . | . . . Reinforcement 2 | . 2 . Assault . | . . . Garrison . | . . . Intercept . | . . . Searches Triggered . | . . . Construction Impeded . | . . . Haulers Reinforced . | . . . Active Scanning Responses . | . . . Cargo Convoy Interrupts . | . . . Stealth | -11 -10 -10 --------- Run | Yrd Mat Sub Distress Signals . | . . . Communications Jammed . | . . . Distress Signals . | . . . Times Spotted 9 | . 5 4 Peak Tracking Total 3 | . 3 2 Tactical Retreats . | . . . Traps | -11 -10 -10 ------- Run | Yrd Mat Sub Traps Triggered . | . . . Indirectly . | . . . Trap Hack Attempts . | . . . Triggered . | . . . Disarmed . | . . . Reprogrammed . | . . . Reused . | . . . Traps Extracted . | . . . Installed . | . . . Triggered . | . . . Machines | -11 -10 -10 ---------- Run | Yrd Mat Sub Machines Disabled . | . . . Max in Single Turn . | . . . Machines Repaired . | . . . Machines Dismantled . | . . . Machines Sabotaged . | . . . Overloaded Fab Kills . | . . . Hacking | -11 -10 -10 --------- Run | Yrd Mat Sub Machines Accessed 2 | . 2 . Terminals 1 | . 1 . Fabricators . | . . . Repair Stations . | . . . Recycling Units 1 | . 1 . Scanalyzers . | . . . Garrison Access . | . . . Total Hacks 4 | . 4 . Successful 2 | . 2 . Failed 2 | . 2 . Catastrophic . | . . . Database Lockouts . | . . . Manual 5 | . 5 . Terminals 3 | . 3 . Fabricators . | . . . Repair Stations . | . . . Recycling Units 1 | . 1 . Scanalyzers . | . . . Garrison Access . | . . . Terminal Hacks 1 | . 1 . Prototype ID Bank 1 | . 1 . Fabricator Hacks . | . . . Repair Station Hacks . | . . . Recycling Unit Hacks 1 | . 1 . Process 1 | . 1 . Scanalyzer . | . . . Garrison Access Hacks . | . . . Unauthorized Hacks . | . . . Terminals . | . . . Fabricators . | . . . Repair Stations . | . . . Recycling Units . | . . . Scanalyzers . | . . . Garrison Access . | . . . Data Cores Recovered . | . . . Used . | . . . Hacking Detections 1 | . 1 . Full Trace Events . | . . . Feedback Events . | . . . Feedback Blocked . | . . . Robot Schematics Acquired . | . . . Robots Built . | . . . Authchips . | . . . Time . | . . . Total Robot Build Rating . | . . . Part Schematics Acquired . | . . . Parts Built . | . . . Authchips . | . . . Time . | . . . Total Part Build Rating . | . . . Part Studies Acquired . | . . . Parts Repaired . | . . . Time . | . . . Parts Recycled . | . . . Recycled Matter 3 | . 3 . Retrieved Matter . | . . . Retrieved Components . | . . . Parts Scanalyzed . | . . . Part Schematics Acquired . | . . . Parts Damaged . | . . . Bothacking | -11 -10 -10 ------------ Run | Yrd Mat Sub Used RIF Installer . | . . . Robots Hacked . | . . . Non-combat . | . . . Combat . | . . . Robot Hacks Applied . | . . . Relay Couplers Released . | . . . Fabnet Peak Effective % . | . . . Robots Rewired . | . . . Allies Hacked . | . . . Hacks Repelled . | . . . Allies | -11 -10 -10 -------- Run | Yrd Mat Sub Total Allies . | . . . Largest Group . | . . . Highest-Rated Group . | . . . Highest-Rated Ally . | . . . Total Orders . | . . . Ally Attacks . | . . . Total Damage . | . . . Kills . | . . . Allies Corrupted . | . . . Allies Melted . | . . . Intel | -11 -10 -10 ------- Run | Yrd Mat Sub Active Infowar (turns) . | . . . Robot Analysis Total . | . . . Derelict Logs Recovered . | . . . Drone Launches . | . . . Drone Recoveries . | . . . Exploration | -11 -10 -10 ------------- Run | Yrd Mat Sub Turns Passed 490 | 71 97 322 Spaces Moved 247 | 47 48 152 Core 20 | 14 . 6 Treads 227 | 33 48 146 Legs . | . . . Wheels . | . . . Hover . | . . . Flight . | . . . Fastest Speed 50 | 50 160 50 Average Speed 153 | 127 160 159 Slowest Speed 250 | 160 160 250 Overloaded Moves . | . . . Propulsion Burnouts . | . . . Robots Hopped . | . . . Potential Cave-ins . | . . . Cave-ins Triggered . | . . . Exploration Rate (%) 7 | 4 11 8 Regions Visited 2 Branch Regions 1 Pre-discovered Areas . | . . . Known Exits Taken . | . . . Unknown Exits Taken 2 | 1 1 . Scrap Searched . | . . . Spaces Dug . | . . . Terrain Destroyed . | . . . Melee . | . . . Projectile . | . . . AOE . | . . . Terrain Rammed . | . . . Walls Destroyed . | . . . Machines Disabled . | . . . Actions | -11 -10 -10 --------- Run | Yrd Mat Sub Total 306 | 56 58 192 Wait 12 | . 2 10 Move 245 | 46 47 152 Hop . | . . . Pick Up 10 | 5 1 4 Fast Attach 5 | 4 1 . Attach 3 | 1 1 1 Detach 1 | . 1 . Swap 1 | . . 1 Drop . | . . . Fire 29 | . 5 24 Melee . | . . . Ram . | . . . Kick . | . . . Crush . | . . . Escape Stasis . | . . . Rewire . | . . . Trap . | . . . Miscellaneous . | . . . Route ------- -11/Scrapyard -10/Materials -10/Subcaves History --------- Turn | Location | Event 15 | -11/Scrapyard | Discovered new exit (range 16) 72 | -11/Scrapyard | Entered Materials 156 | -10/Materials | Discovered new exit (range 9) 169 | -10/Materials | Entered Subcaves 253 | -10/Subcaves | Ambushed by angry Subdweller bent on revenge 316 | -10/Subcaves | Build established: Mutant 456 | -10/Subcaves | Core integrity fell below 50% 463 | -10/Subcaves | Ambushed by Subdweller buried in earth 490 | -10/Subcaves | Core integrity fell below 20% 490 | -10/Subcaves | Released all parts (3) 491 | -10/Subcaves | Destroyed by K9-S6C(R) with Subdweller Shrapnel Launcher Last Messages --------------- 00387_ Acquired 42 matter. 00390_ Acquired Heat Sink. 00393_ Subatomizers dissect the Sub. Optics. 00401_ Acquired 10 matter. 00407_ Subatomizers dissect the Sub. Optics. 00436_ Assault Rifle destroyed. 00447_ Subatomizers dissect the Sub. Optics. 00461_ Sub. Optics melted. 00461_ X3-AZM(R) destroyed. 00463_ Lgt. Treads destroyed. [Achievement: Do Not Disturb] 00464_ K7-ZFU(R): "ARGHSUB!" 00468_ Sub. Power Source destroyed. 00482_ Lgt. Treads destroyed. 00488_ K9-S6C(R) affixes Scrap Shield Fragment to Scrap Shield. 00490_ Released Med. Laser. 00490_ Released Med. Storage Unit. 00490_ Released Heat Sink. Map ----- +----------------------------------------------------+ | | | | | | | ?????????????????????????????????????????????????? | | ?????????????????????????????????????????????????? | | ?????????????????????????????????????????????????? | | ?????????????????????????????????????????????????? | | ?????????????????????????????????????????????????? | | ?????????????????????????????????????????????????? | | ?????????????????????????????????????????????????? | | ?????????????????????????????????????????????????? | | ?????????????????????????????????????????????????? | | ?????????????????????????????????????????????????? | | ?????????????????????????????????????????????????? | | ?????????????????????????????????????????????????? | | ?????????????????????????????????????????????????? | | ?????????????????????????????????????????????????? | | ??????????????????????????????#??????????????????? | | ????????????????####????????? #######?????###?#### | | ????????????????# #####??## ??????# ## | | ?????????????????# ## ? #?????? | | ??????????????????# ? ####??? | | ???????????????????# "" ?? ## ##???# | | ????????????????????# #??? ##?## ??? | | ???????????????????## ##### ### ??? | | ?????????????????### @ # " ""## #??? | | ?????????????????# "" ; ""# #### | | ????????????????# "" !* ;# #????# |%# | | ????????????????###"" ![& ;# ##??## !# | | ??????????????????###### = ; #### # | | ???????????????????????#; ;; ]& ; #"### # | | ???????????????????????#;;# %R # | | ???????????????????????##### R& ## # | | ??????????????????????#""" ### # ""# % | | ??????????????????????#"" "" ;#"" " ## # # # | | ??????????????????????""" "" ### """ ######## | | ??????????????????????# # #" ##?# #??????? | | ??????????????????????# ?#### ##??#######??????? | | ??????????????????????#??????####????????????????? | | ?????????????????????????????????????????????????? | | ?????????????????????????????????????????????????? | | ?????????????????????????????????????????????????? | | ?????????????????????????????????????????????????? | | ?????????????????????????????????????????????????? | | ?????????????????????????????????????????????????? | | ?????????????????????????????????????????????????? | | ?????????????????????????????????????????????????? | | ?????????????????????????????????????????????????? | | ?????????????????????????????????????????????????? | | ?????????????????????????????????????????????????? | +----------------------------------------------------+ Best States ------------- Heat Dissipation 35 Energy Generation 15 Energy Capacity 200 Matter Stores 300 Matter Capacity 300 Sight Range 16 Terrain Scan Density 10 Evasion (%) 50 Recoil Reduction 2 Item Schematics ----------------- None Robot Schematics ------------------ None Fabricated ------------ Nothing Repaired ---------- Nothing Studied --------- None Alien Tech Used ----------------- None Achievements -------------- Do Not Disturb Challenges ------------ None Game ------ Seed AlertJammingSlayer Manual? 0 Play Time 00:07:27 Cumulative 102.7 hours Start 2025.12.01 @ 16:13:38 End 2025.12.01 @ 16:19:09 Sessions 1 Manual Loads 0 Difficulty Rogue Special Mode None Game No. 58 Rogue 36 Adventurer 9 Explorer 13 Win Type - Total 15 Types 12/0/2/1/0/0/0/0/0/0 Lore% 46 Gallery% 52 Achievement% 43 Wizard Run 0 Options --------- Layout 1 ASCII 0 Keyboard 1 Movement Vi Keybinds 0 Fullscreen 1 Font 24/Smallcaps Map View 50x35 Zoom Use 0% Tactical HUD 1 Map Filters NONE Filters NONE Steam 1 RUN: 32d3e88c-588d-4a09-89c1-3c52712359f9